 Dungeon Crawl Stone Soup version 0.23-a0-586-gacb4b3f4ce (webtiles) character file.

28 Flugkiller the Poker (level 3, 0/26 HPs)
             Began as an Octopode Chaos Knight on Dec 19, 2018.
             Was a Plaything of Xom.
             Slain by a hobgoblin (2 damage)
             ... led by Robin
             ... on level 1 of the Dungeon.
             The game lasted 00:01:19 (1242 turns).

Flugkiller the Poker (Octopode Chaos Knight)        Turns: 1242, Time: 00:01:19

Health: 0/26       AC:  1    Str: 11    XL:     3   Next: 12%
Magic:  3/3        EV: 13    Int: 14    God:    Xom [..*...]
Gold:   96         SH:  0    Dex: 12    Spells: 2/2 levels left

rFire    . . .     SeeInvis .   a - +0 spear (chaos)
rCold    . . .     Gourm    .   (no shield)
rNeg     . . .     Faith    .   (helmet restricted)
rPois    .         Spirit   .   h - amulet of magic regeneration
rElec    .         Reflect  .   (no ring)
rCorr    .         Harm     .   (no ring)
MR       .....                  (no ring)
Stlth    ++........             (no ring)
HPRegen  0.08/turn              (no ring)
MPRegen  0.33/turn              (no ring)
                                (no ring)
                                (no ring)

@: no status effects
A: almost no armour, stealthy swim, amphibious, 8 rings, constrict 8, camouflage
1, gelatinous body 1
a: Renounce Religion


You were on level 1 of the Dungeon.
You worshipped Xom.
You were a toy of Xom.
You were not hungry.

You visited 1 branch of the dungeon, and saw 2 of its levels.

You collected 96 gold pieces.

Inventory:

Hand Weapons
 a - a +0 spear of chaos (weapon)
Jewellery
 h - an amulet of magic regeneration (around mantle)
   (You found it on level 1 of the Dungeon)
Scrolls
 c - a scroll of fear {unknown}
 k - a scroll of blinking {unknown}
 l - a scroll of remove curse {unknown}
Potions
 d - a potion of flight {unknown}
 e - a potion of heal wounds {unknown}
 g - 2 potions of brilliance
 i - a potion of lignification {unknown}
Comestibles
 b - 5 rations
 f - a chunk of flesh


   Skills:
 + Level 3.6 Fighting
 + Level 3.6 Polearms
 - Level 2.3 Dodging


You had 2 spell levels left.
You didn't know any spells.
Your spell library was empty.

Dungeon Overview and Level Annotations

Branches:
Dungeon (2/15)

Altars:
Xom

Annotations:
D:1 Robin
D:2 Sigmund


Innate Abilities, Weirdness & Mutations

You cannot wear most types of armour.
You are very stealthy in the water. (Stealth+)
You are amphibious.
You can wear up to eight rings at the same time.
You can use your tentacles to constrict eight enemies at once.
Your skin changes colour to match your surroundings (Stealth+).
Your rubbery body absorbs attacks. (AC +1, EV +1)


Message History

Done exploring.
Done exploring.
Done exploring.
As you read the scroll labeled ZUMESO AGAEL, it crumbles to dust.
It is a scroll of identify.
g - 2 potions of brilliance
As you read the scroll of identify, it crumbles to dust.
m - a potion of degeneration Drop what? 12/52 slots (_ for help) (? for menu, Esc to quit)
You drop a potion of degeneration.
Unknown command.
Done exploring.
There is an escape hatch in the floor here.
There is an open door here.
There is a stone staircase leading down here.
You climb downwards. 6 goblins, 4 hobgoblins, Sigmund and Robin come into view.
Sigmund shouts!
Robin shouts!
The goblin shouts! x6; The hobgoblin shouts! x2
You hear a shout!
The hobgoblin shouts!
You hear a shout!
Found 2 pink potions.
There is a stone staircase leading up here.
The goblin completely misses you. The goblin hits you.
The hobgoblin closely misses you.
You climb upwards.
There is a stone staircase leading down here.
Robin throws the goblin at you! The goblin barely misses you.
You closely miss the goblin. Your grab misses the goblin.
The goblin barely misses you. The goblin hits you with a +0 dagger.
The goblin misses you. The goblin hits you.
Robin roars a battlecry!
The goblins go into a battle-frenzy!
The goblin barely misses you. Robin throws the goblin at you!
The goblin hits you. x2
* * * LOW HITPOINT WARNING * * *
You hit the goblin. You burn the goblin. You grab the goblin.
The goblin is heavily wounded.
You constrict the goblin.
Unknown command.
You hit the goblin. You freeze the goblin.
You kill the goblin!
The goblin hits you.
* * * LOW HITPOINT WARNING * * *
Robin throws the goblin at you!
* * * LOW HITPOINT WARNING * * *
The hobgoblin hits you.
* * * LOW HITPOINT WARNING * * *
You hit the goblin. You burn the goblin.
You kill the goblin!
The goblin turns into a zombie!
The hobgoblin hits you.
You die...

...#..#
......############
.................#
....#.##.###.###.#
......##.# #.###.#
##.#####.# #..##.#
#.# #รท# ##.##.#
##'## #.# #.##Z#
#...## #.####.##@#
.....###......ggg#
......##.....>g..#
.......#.##...##.#
.......'.......#.#
.......#.##...##.#
......##.###..##.#
.....###.# #.###.#
#...## #.###.###.#


You could see Robin, 2 hobgoblins, a goblin and a friendly goblin zombie.

Vanquished Creatures
  An ooze (D:1)
  A dart slug (D:1)
  5 bats (D:1)
  A giant cockroach (D:1)
  4 goblins (D:1)
  3 hobgoblins (D:1)
  2 kobolds (D:1)
  4 rats (D:1)
21 creatures vanquished.

Notes
Turn   | Place    | Note
-------+----------+-------------------------------------------
     0 | D:1      | Flugkiller the Octopode Chaos Knight began the quest for
                  | the Orb.
     0 | D:1      | Reached XP level 1. HP: 16/16 MP: 1/1
   195 | D:1      | Reached XP level 2. HP: 4/21 MP: 2/2
   360 | D:1      | XOM: harmless Tloc miscast
   409 | D:1      | XOM: 1-stop teleportation journey
   520 | D:1      | XOM: noise
   623 | D:1      | XOM: butterfly on damage
   642 | D:1      | XOM: scenery: create altars
  1027 | D:1      | Reached XP level 3. HP: 23/26 MP: 3/3
  1232 | D:2      | Noticed Sigmund
  1232 | D:2      | Noticed Robin
  1242 | D:1      | Slain by a hobgoblin

Vault maps used:
D:1:      nicolae_arrival_memento_mori, minivault_5,
          corexii_item_surrounded_by_moat, hex_tiny
D:2:      grunt_gozag_statues, uniq_sigmund, uniq_robin, uniq_terence

Action                   || total
-------------------------++-------
Melee: Spear             ||    50
       Constrict         ||     7
       Tentacles         ||     4
  Use: Scroll            ||     2
 Stab: Sleeping          ||     4
       Distracted        ||     1
  Eat: Chunk             ||     1
Armor: Skin              ||     6
Dodge: Dodged            ||    25

Table legend:
 A = Non-vault XP
 B = Vault XP
 C = Vault XP percentage of total XP
 D = Non-vault monster count
 E = Vault monster count
 F = Vault count percentage of total count
                 A         B        C        D         E       F
            +---------+---------+-------+---------+---------+-------
      Total |      36 |       4 |  10.0 |      19 |       2 |   9.5
            +---------+---------+-------+---------+---------+-------
        D:1 |      36 |       4 |  10.0 |      19 |       2 |   9.5
            +---------+---------+-------+---------+---------+-------
